ESL (28 & UNDER)
MINNESOTA MANBEARPIGS @ NEWARK BULLDOGS
06/28/2028
 
TOP OF THE 1ST
Minnesota ManBearPigs batting - Pitching for Newark Bulldogs : RHP Tomás Pagán
Pitching: RHP Tomás Pagán
Batting: LHB Elvin Summers 0-0: Ball
1-0: Foul Ball, location: 2F
1-1: Ball
2-1: Foul Ball, location: 2F
2-2: Strikes out swinging
Batting: RHB Nicoli Turina 0-0: Called Strike
0-1: Called Strike
0-2: Foul Ball, location: 2F
0-2: Ball
1-2: Strikes out swinging
Batting: RHB Pat Fernández 0-0: Called Strike
0-1: Ball
1-1: Ball
2-1: Called Strike
2-2: Strikes out swinging
Top of the 1st over - 0 run(s), 0 hit(s), 0 error(s), 0 left on base; Minnesota 0 - Newark 0
BOTTOM OF THE 1ST
Newark Bulldogs batting - Pitching for Minnesota ManBearPigs : RHP Jorge Amador
Pitching: RHP Jorge Amador
Batting: LHB Gerardo Guzmán 0-0: Fly out, F4 (Popup, 4MD)
Batting: RHB Tony Long 0-0: Called Strike
0-1: Called Strike
0-2: Ball
1-2: Ball
2-2: Foul Ball, location: 2F
2-2: Foul Ball, location: 2F
2-2: Foul Ball, location: 2F
2-2: Strikes out swinging
Batting: RHB Ken McDonald 0-0: Foul Ball, location: 2F
0-1: Called Strike
0-2: Foul Ball, location: 2F
0-2: SINGLE (Popup, 4MD)
Batting: LHB Gabriel Aragón 0-0: Ball
1-0: Fly out, F7 (Flyball, 7D)
Bottom of the 1st over - 0 run(s), 1 hit(s), 0 error(s), 1 left on base; Minnesota 0 - Newark 0
TOP OF THE 2ND
Minnesota ManBearPigs batting - Pitching for Newark Bulldogs : RHP Tomás Pagán
Batting: RHB Jim Beck 0-0: Called Strike
0-1: Foul Ball, location: 2F
0-2: Fly out, F6 (Popup, 6MD)
Batting: RHB Ricardo Salazar 0-0: Ball
1-0: Ball
2-0: DOUBLE (Flyball, 89M)
Batting: RHB Jeffrey Hicks 0-0: Ball
1-0: Called Strike
1-1: Called Strike
1-2: Ball
2-2: Ground out 6-3 (Groundball, 6)
Batting: RHB Carlos López 0-0: Swinging Strike
0-1: Ball
1-1: Called Strike
1-2: Fly out, F8 (Line Drive, 8RM)
Top of the 2nd over - 0 run(s), 1 hit(s), 0 error(s), 1 left on base; Minnesota 0 - Newark 0
BOTTOM OF THE 2ND
Newark Bulldogs batting - Pitching for Minnesota ManBearPigs : RHP Jorge Amador
Batting: RHB Norris Howard 0-0: Ball
1-0: Called Strike
1-1: Ball
2-1: Ball
3-1: Fly out, F2 (Popup, 25)
Batting: RHB Emílio Salas 0-0: Ball
1-0: Ground out 3-1 (Groundball, 34)
Batting: SHB Larry Peterson 0-0: SINGLE (Groundball, 6MD)
Batting: RHB Wilson Flores 0-0: Ball
1-0: Called Strike
1-1: Fly out, F8 (Flyball, 8RS)
Bottom of the 2nd over - 0 run(s), 1 hit(s), 0 error(s), 1 left on base; Minnesota 0 - Newark 0
TOP OF THE 3RD
Minnesota ManBearPigs batting - Pitching for Newark Bulldogs : RHP Tomás Pagán
Batting: SHB William Hamilton 0-0: Ball
1-0: Called Strike
1-1: Ball
2-1: Ball
3-1: Base on Balls
Batting: RHB Ichizo Akiyama 0-0: Ball
1-0: Foul Ball, location: 2F
1-1: Ball
2-1: DOUBLE (Flyball, 78M)
William Hamilton to third
Batting: LHB Elvin Summers 0-0: Foul Ball, location: 2F
0-1: Ball
1-1: Ball
2-1: Ball
3-1: Foul Ball, location: 2F
3-2: Base on Balls
Batting: RHB Nicoli Turina 0-0: Ball
1-0: Called Strike
1-1: Foul Ball, location: 2F
1-2: Ball
2-2: Foul Ball, location: 2F
2-2: DOUBLE (Groundball, 5L)
William Hamilton scores
Ichizo Akiyama scores
Elvin Summers to third
Runner from 3rd tries for Home, SAFE, no throw
Pitching: RHP José Gonzáles
Batting: RHB Pat Fernández 0-0: Ball
1-0: Foul Ball, location: 2F
1-1: Foul Ball, location: 2F
1-2: Ball
Wild Pitch!
Nicoli Turina to third
2-2: Ball
3-2: Ground out 6-3 (Groundball, 6)
Nicoli Turina scores
Batting: RHB Jim Beck 0-0: Ball
1-0: Ball
2-0: Ball
3-0: Base on Balls
Batting: RHB Ricardo Salazar 0-0: Called Strike
0-1: Ball
1-1: DOUBLE (Line Drive, 7LM)
Jim Beck to third
Batting: RHB Jeffrey Hicks 0-0: Called Strike
0-1: Foul Ball, location: 2F
0-2: Fly out, F4 (Line Drive, 4)
Batting: RHB Carlos López 0-0: Ball
1-0: Ball
2-0: DOUBLE (Line Drive, 7LS)
Jim Beck scores
Ricardo Salazar scores
Batting: SHB William Hamilton 0-0: Ball
1-0: Ball
2-0: Foul Ball, location: 2F
2-1: Ground out 6-3 (Groundball, 6)
Top of the 3rd over - 6 run(s), 4 hit(s), 0 error(s), 1 left on base; Minnesota 6 - Newark 0
BOTTOM OF THE 3RD
Newark Bulldogs batting - Pitching for Minnesota ManBearPigs : RHP Jorge Amador
Batting: LHB Wes Thompson 0-0: Called Strike
0-1: Swinging Strike
0-2: Foul Ball, location: 2F
0-2: Foul Ball, location: 2F
0-2: Ball
1-2: Strikes out swinging
Batting: LHB Gerardo Guzmán 0-0: Foul Ball, location: 2F
0-1: Foul Ball, location: 2F
0-2: Foul Ball, location: 2F
0-2: Strikes out swinging
Batting: RHB Tony Long 0-0: Called Strike
0-1: Ball
1-1: Foul Ball, location: 2F
1-2: Ball
2-2: Ball
3-2: Strikes out swinging
Bottom of the 3rd over - 0 run(s), 0 hit(s), 0 error(s), 0 left on base; Minnesota 6 - Newark 0
TOP OF THE 4TH
Minnesota ManBearPigs batting - Pitching for Newark Bulldogs : RHP José Gonzáles
Batting: RHB Ichizo Akiyama 0-0: Ball
1-0: SOLO HOME RUN (Flyball, 78XD), Distance : 388 ft
Pitching: LHP Kent Smith
Batting: LHB Elvin Summers 0-0: Ball
1-0: Swinging Strike
1-1: Ball
2-1: Foul Ball, location: 2F
2-2: Foul Ball, location: 2F
2-2: Ball
3-2: Base on Balls
Batting: RHB Nicoli Turina 0-0: Called Strike
Elvin Summers steals 2nd base
0-1: Ball
1-1: Ball
Wild Pitch!
Elvin Summers to third
2-1: Ball
3-1: Swinging Strike
3-2: Ground out 6-3 (Groundball, 6)
Elvin Summers scores
Batting: RHB Pat Fernández 0-0: Foul Ball, location: 2F
0-1: Foul Ball, location: 2F
0-2: Strikes out swinging
Batting: RHB Jim Beck 0-0: Ball
1-0: SOLO HOME RUN (Flyball, 9D), Distance : 394 ft
Batting: RHB Ricardo Salazar 0-0: Called Strike
0-1: Foul Ball, location: 2F
0-2: Ball
1-2: Foul Ball, location: 2F
1-2: Fly out, F6 (Popup, 6)
Top of the 4th over - 3 run(s), 2 hit(s), 0 error(s), 0 left on base; Minnesota 9 - Newark 0
BOTTOM OF THE 4TH
Newark Bulldogs batting - Pitching for Minnesota ManBearPigs : RHP Jorge Amador
Batting: RHB Ken McDonald 0-0: Ball
1-0: Ball
2-0: Ball
3-0: Base on Balls
Batting: LHB Gabriel Aragón 0-0: Foul Ball, location: 2F
0-1: Called Strike
0-2: Strikes out swinging
Batting: RHB Norris Howard 0-0: Ball
1-0: Foul Ball, location: 2F
1-1: Called Strike
1-2: Ball
2-2: Grounds into double play, 5-4-3 (Groundball, 5)
Bottom of the 4th over - 0 run(s), 0 hit(s), 0 error(s), 0 left on base; Minnesota 9 - Newark 0
TOP OF THE 5TH
Minnesota ManBearPigs batting - Pitching for Newark Bulldogs : LHP Kent Smith
Batting: RHB Jeffrey Hicks 0-0: Foul Ball, location: 2F
0-1: Swinging Strike
0-2: Ground out 4-3 (Groundball, 4MD)
Batting: RHB Carlos López 0-0: Called Strike
0-1: Ground out U3 (Groundball, 3)
Batting: SHB William Hamilton 0-0: Fly out, F5 (Popup, 5S)
Top of the 5th over - 0 run(s), 0 hit(s), 0 error(s), 0 left on base; Minnesota 9 - Newark 0
BOTTOM OF THE 5TH
Newark Bulldogs batting - Pitching for Minnesota ManBearPigs : RHP Jorge Amador
Batting: RHB Emílio Salas 0-0: Ball
1-0: Called Strike
1-1: Called Strike
1-2: SINGLE (Groundball, 6D)
Batting: SHB Larry Peterson 0-0: Called Strike
0-1: Fly out, F7 (Flyball, 7LMF)
Batting: RHB Wilson Flores 0-0: 2-RUN HOME RUN (Flyball, 7D), Distance : 354 ft
Batting: LHB Wes Thompson 0-0: Called Strike
0-1: Foul Ball, location: 2F
0-2: Foul Ball, location: 2F
0-2: Strikes out swinging
Batting: LHB Gerardo Guzmán 0-0: Called Strike
0-1: SINGLE (Flyball, 89S)
Batting: RHB Tony Long 0-0: Called Strike
0-1: Swinging Strike
Gerardo Guzmán is caught stealing 2nd base
Bottom of the 5th over - 2 run(s), 3 hit(s), 0 error(s), 0 left on base; Minnesota 9 - Newark 2
TOP OF THE 6TH
Minnesota ManBearPigs batting - Pitching for Newark Bulldogs : LHP Kent Smith
Batting: RHB Ichizo Akiyama 0-0: Called Strike
0-1: Ball
1-1: Ball
2-1: Ground out 5-3 (Groundball, 56)
Batting: LHB Elvin Summers 0-0: Foul Ball, location: 2F
0-1: Swinging Strike
0-2: Ball
1-2: Strikes out swinging
Batting: RHB Nicoli Turina 0-0: Fly out, F7 (Flyball, 7LS)
Top of the 6th over - 0 run(s), 0 hit(s), 0 error(s), 0 left on base; Minnesota 9 - Newark 2
BOTTOM OF THE 6TH
Newark Bulldogs batting - Pitching for Minnesota ManBearPigs : RHP Jorge Amador
Batting: RHB Tony Long 0-0: Ball
1-0: Called Strike
1-1: Called Strike
1-2: Foul Ball, location: 2F
1-2: Ball
2-2: Foul Ball, location: 2F
2-2: Ball
3-2: Foul Ball, location: 2F
3-2: SINGLE (Line Drive, 56)
Batting: RHB Ken McDonald 0-0: Swinging Strike
0-1: Ball
1-1: Ball
2-1: Ball
3-1: Base on Balls
Tony Long to second
Batting: LHB Gabriel Aragón 0-0: SINGLE (Line Drive, 8LS)
Tony Long to third
Ken McDonald to second
Batting: RHB Norris Howard 0-0: GRAND SLAM HOME RUN (Flyball, 7D), Distance : 377 ft
Pitching: RHP Gabriel McDaniel
Batting: RHB Emílio Salas 0-0: Called Strike
0-1: Ball
1-1: Ball
2-1: Ball
3-1: Called Strike
3-2: Foul Ball, location: 2F
3-2: SINGLE (Line Drive, 8LS)
Batting: SHB Larry Peterson 0-0: Fly out, F7 (Flyball, 78S)
Batting: RHB Wilson Flores 0-0: Swinging Strike
0-1: Ball
1-1: Swinging Strike
1-2: Foul Ball, location: 2F
1-2: Strikes out swinging
Batting: LHB Wes Thompson 0-0: Called Strike
0-1: Ball
1-1: Ball
2-1: Ball
3-1: Base on Balls
Emílio Salas to second
Batting: LHB Gerardo Guzmán 0-0: Called Strike
0-1: Fly out, F6 (Popup, 6MD)
Bottom of the 6th over - 4 run(s), 4 hit(s), 0 error(s), 2 left on base; Minnesota 9 - Newark 6
TOP OF THE 7TH
Minnesota ManBearPigs batting - Pitching for Newark Bulldogs : LHP Kent Smith
Pitching: RHP Jim Cook
Batting: RHB Pat Fernández 0-0: SINGLE (Flyball, 89S)
Batting: RHB Jim Beck 0-0: Ball
1-0: Foul Ball, location: 2F
1-1: DOUBLE (Line Drive, 78D)
Pat Fernández to third
Batting: RHB Ricardo Salazar 0-0: Ball
1-0: Swinging Strike
1-1: Ground out 4-3 (Groundball, 34)
Batting: RHB Jeffrey Hicks 0-0: Called Strike
0-1: Ground out 5-3 (Groundball, 56S)
Batting: RHB Carlos López 0-0: Ball
1-0: Ball
2-0: Foul Ball, location: 2F
2-1: Ball
3-1: SINGLE (Line Drive, 8RS)
Pat Fernández scores
Jim Beck to third
Runner from 3rd tries for Home, SAFE, no throw
Pitching: RHP Jesús Salazar
Batting: SHB William Hamilton 0-0: Called Strike
Carlos López steals 2nd base
0-1: Ball
1-1: Fly out, F6 (Flyball, 6MD)
Top of the 7th over - 2 run(s), 3 hit(s), 0 error(s), 1 left on base; Minnesota 11 - Newark 6
BOTTOM OF THE 7TH
Newark Bulldogs batting - Pitching for Minnesota ManBearPigs : RHP Gabriel McDaniel
Batting: RHB Tony Long 0-0: Ball
1-0: Ball
2-0: Ball
3-0: Base on Balls
Batting: RHB Ken McDonald 0-0: Swinging Strike
0-1: Swinging Strike
0-2: Ball
1-2: Foul Ball, location: 2F
1-2: Ball
2-2: Ball
3-2: Grounds into double play, 4-6-3 (Groundball, 4M)
Batting: LHB Gabriel Aragón 0-0: Called Strike
0-1: Ball
1-1: Ball
2-1: Fly out, F7 (Flyball, 78S)
Bottom of the 7th over - 0 run(s), 0 hit(s), 0 error(s), 0 left on base; Minnesota 11 - Newark 6
TOP OF THE 8TH
Minnesota ManBearPigs batting - Pitching for Newark Bulldogs : RHP Jesús Salazar
Batting: RHB Ichizo Akiyama 0-0: Ball
1-0: Ground out 6-3 (Groundball, 6)
Batting: LHB Elvin Summers 0-0: Ball
1-0: SINGLE (Line Drive, 56)
Batting: RHB Nicoli Turina 0-0: Ball
1-0: Ball
Elvin Summers is caught stealing 2nd base
2-0: SINGLE (Groundball, 56D)
Batting: RHB Pat Fernández 0-0: Swinging Strike
0-1: Swinging Strike
0-2: Strikes out swinging, 2-3 out at first.
Top of the 8th over - 0 run(s), 2 hit(s), 0 error(s), 1 left on base; Minnesota 11 - Newark 6
BOTTOM OF THE 8TH
Newark Bulldogs batting - Pitching for Minnesota ManBearPigs : RHP Gabriel McDaniel
Now at 1B: Yasutoki Kojima
Now in RF: Carlos Luna
Batting: RHB Norris Howard 0-0: Swinging Strike
0-1: Ball
1-1: Foul Ball, location: 2F
1-2: Ground out 5-3 (Groundball, 56S)
Batting: RHB Emílio Salas 0-0: Called Strike
0-1: Ball
1-1: Ball
2-1: Ball
3-1: Base on Balls
Batting: SHB Larry Peterson 0-0: Grounds into double play, 4-6-3 (Groundball, 4)
Bottom of the 8th over - 0 run(s), 0 hit(s), 0 error(s), 0 left on base; Minnesota 11 - Newark 6
TOP OF THE 9TH
Minnesota ManBearPigs batting - Pitching for Newark Bulldogs : RHP Jesús Salazar
Batting: RHB Jim Beck 0-0: Swinging Strike
0-1: Ball
1-1: Ball
2-1: Ground out 4-3 (Groundball, 4)
Batting: RHB Ricardo Salazar 0-0: Ball
1-0: Called Strike
1-1: Swinging Strike
1-2: Foul Ball, location: 2F
1-2: Ball
2-2: Strikes out swinging
Batting: RHB Jeffrey Hicks 0-0: Foul Ball, location: 2F
0-1: Called Strike
0-2: Ball
1-2: SINGLE (Groundball, 6MD)
Batting: RHB Carlos López 0-0: Ball
1-0: Called Strike
1-1: Ball
2-1: Ball
3-1: Base on Balls
Jeffrey Hicks to second
Batting: SHB William Hamilton 0-0: Swinging Strike
0-1: Ground out 6-3 (Groundball, 6MS)
Top of the 9th over - 0 run(s), 1 hit(s), 0 error(s), 2 left on base; Minnesota 11 - Newark 6
BOTTOM OF THE 9TH
Newark Bulldogs batting - Pitching for Minnesota ManBearPigs : RHP Gabriel McDaniel
Batting: RHB Wilson Flores 0-0: Foul Ball, location: 2F
0-1: DOUBLE (Flyball, 89D)
Batting: LHB Wes Thompson 0-0: Called Strike
0-1: Called Strike
0-2: Foul Ball, location: 2F
0-2: Foul Ball, location: 2F
0-2: Ball
1-2: Strikes out swinging
Batting: LHB Gerardo Guzmán 0-0: Called Strike
0-1: Ball
1-1: Foul Ball, location: 2F
1-2: 2-RUN HOME RUN (Flyball, 9LD), Distance : 354 ft
Pitching: RHP Alejandro Hernández
Batting: RHB Tony Long 0-0: Called Strike
0-1: Ball
1-1: Called Strike
1-2: Strikes out swinging
Batting: RHB Ken McDonald 0-0: Ball
1-0: Ground out 6-3 (Groundball, 6)
Bottom of the 9th over - 2 run(s), 2 hit(s), 0 error(s), 0 left on base; Minnesota 11 - Newark 8
Tuesday, August 8th, 2017 - OOTP Baseball 17.12 Build 75